[ AOE2 MATCH · #481489109 ]
Team RMTupi vs Saracens
[ REPLAY ANALYSIS · EXTRACTED FROM THE RECORDED GAME ]
Feudal
11:15
Castle
20:12
Imperial
36:07
| APM avg | 33.3 |
| APM peak | 101 |
| eAPM avg | 16.3 |
| Villagers / military | 124 / 276 |
Focus
⚔️ 33.1% · 🌾 66.9%
Skirmisher ×256 · Unknown (2550) ×44 · Unknown (2579) ×28 · Battering Ram ×7 · Trebuchet (Packed) ×6 · Monk ×4
Feudal
12:13
Castle
23:34
Imperial
36:52
| APM avg | 32.3 |
| APM peak | 95 |
| eAPM avg | 18.8 |
| Villagers / military | 147 / 310 |
Focus
⚔️ 35.9% · 🌾 64.1%
Skirmisher ×197 · Spearman ×56 · Archer ×25 · Mameluke ×18 · Battering Ram ×7 · Trebuchet (Packed) ×6
Feudal
10:24
Castle
16:49
Imperial
27:54
| APM avg | 25.0 |
| APM peak | 64 |
| eAPM avg | 15.4 |
| Villagers / military | 86 / 243 |
Focus
⚔️ 44.7% · 🌾 55.3%
Organ Gun ×116 · Scout Cavalry ×84 · Hand Cannoneer ×39 · Trebuchet (Packed) ×3 · Petard ×1
Feudal
10:35
Castle
20:48
Imperial
32:01
| APM avg | 29.0 |
| APM peak | 62 |
| eAPM avg | 18.3 |
| Villagers / military | 130 / 375 |
Focus
⚔️ 44.8% · 🌾 55.2%
Skirmisher ×295 · Shotel Warrior ×56 · Mangonel ×12 · Archer ×4 · Battering Ram ×3 · Trebuchet (Packed) ×3
Match map
Initial resources + every placement click. Lines = walls · curves = elevation contours. ◆ gold · ⬟ stone · ● berries · ✦ relic · ◌ wall gap
Your base· ✓ Closed at 20:12 · 15t walls · 2 gate(s)
gringo melts's base· ✓ Closed at 23:34 · 13t walls · 1 gate(s)
gdanelutti87's base· ✓ Closed at 16:49 · 22t walls · 2 gate(s)
Smouse's base· ✓ Closed at 20:48 · 18t walls · 1 gate(s)
Smoothed initial terrain · ◌ = detected wall gap · hover for details
Inputs per minute
— Nerdyx - - gringo melts
Build order — Nerdyx
First 150 of 418 actions detected
| 0:01 | Create | Villager (Male) |
| 0:01 | Create | Villager (Male) |
| 0:03 | Build | Barracks |
| 0:04 | Build | House |
| 0:37 | Build | House |
| 0:40 | Create | Villager (Male) |
| 0:43 | Create | Unit 2550 |
| 1:13 | Create | Unit 2550 |
| 1:19 | Create | Villager (Male) |
| 1:42 | Create | Villager (Male) |
| 1:42 | Create | Villager (Male) |
| 1:42 | Create | Villager (Male) |
| 2:08 | Create | Villager (Male) |
| 2:31 | Create | Villager (Male) |
| 3:10 | Build | House |
| 3:16 | Create | Villager (Male) |
| 3:16 | Create | Villager (Male) |
| 3:16 | Create | Villager (Male) |
| 3:21 | Create | Unit 2550 |
| 3:37 | Create | Villager (Male) |
| 3:40 | Build | House |
| 4:02 | Create | Villager (Male) |
| 4:21 | Build | House |
| 4:34 | Create | Villager (Male) |
| 4:34 | Create | Villager (Male) |
| 4:58 | Create | Villager (Male) |
| 4:58 | Create | Villager (Male) |
| 5:04 | Build | House |
| 5:42 | Create | Villager (Male) |
| 5:45 | Build | House |
| 6:24 | Create | Villager (Male) |
| 6:38 | Build | Palisade Gate |
| 6:40 | Build | House |
| 6:44 | Build | House |
| 6:47 | Create | Villager (Male) |
| 7:11 | Create | Villager (Male) |
| 7:35 | Create | Villager (Male) |
| 8:07 | Build | Settlement |
| 8:40 | Create | Villager (Male) |
| 8:53 | Build | Farm |
| 8:55 | Research | Feudal Age |
| 9:54 | Build | Settlement |
| 9:57 | Create | Villager (Male) |
| 10:29 | Research | Loom |
| 10:29 | Create | Villager (Male) |
| 10:37 | Build | Farm |
| 10:52 | Build | Farm |
| 10:55 | Create | Villager (Male) |
| 11:07 | Create | Unit 2550 |
| 11:15 | Age | Feudal Age |
| 11:16 | Create | Spearman |
| 11:18 | Research | Double-Bit Axe |
| 12:03 | Create | Villager (Male) |
| 12:47 | Create | Villager (Male) |
| 13:08 | Create | Villager (Male) |
| 13:14 | Build | Farm |
| 13:16 | Build | Farm |
| 13:19 | Build | Farm |
| 13:22 | Create | Villager (Male) |
| 14:11 | Build | Settlement |
| 14:15 | Create | Villager (Male) |
| 14:17 | Build | Farm |
| 14:18 | Build | Farm |
| 14:37 | Create | Villager (Male) |
| 15:05 | Build | Market |
| 15:06 | Create | Villager (Male) |
| 15:31 | Create | Villager (Male) |
| 15:43 | Build | Stone Wall |
| 15:43 | Build | Stone Wall |
| 15:44 | Build | Stone Wall |
| 15:45 | Build | Stone Wall |
| 15:45 | Build | Stone Wall |
| 15:46 | Build | Stone Wall |
| 15:49 | Build | Stone Wall |
| 15:56 | Build | Gate |
| 16:02 | Build | Stone Wall |
| 16:03 | Build | Stone Wall |
| 16:06 | Create | Villager (Male) |
| 16:09 | Build | Farm |
| 16:30 | Build | Farm |
| 16:32 | Create | Villager (Male) |
| 16:49 | Build | Blacksmith |
| 16:49 | Create | Villager (Male) |
| 17:20 | Create | Spearman |
| 17:32 | Research | Castle Age |
| 17:49 | Create | Spearman |
| 18:09 | Research | Horse Collar |
| 18:14 | Research | Gold Mining |
| 19:27 | Create | Villager (Male) |
| 19:27 | Create | Villager (Male) |
| 20:12 | Age | Castle Age |
| 20:17 | Build | Town Center |
| 20:18 | Create | Villager (Male) |
| 20:39 | Build | Town Center |
| 20:54 | Build | Monastery |
| 21:04 | Create | Villager (Male) |
| 21:21 | Build | House |
| 21:22 | Build | House |
| 21:23 | Build | House |
| 21:29 | Create | Villager (Male) |
| 21:32 | Build | Farm |
| 21:44 | Create | Monk |
| 22:06 | Create | Villager (Male) |
| 22:08 | Create | Villager (Male) |
| 22:08 | Create | Villager (Male) |
| 22:20 | Create | Monk |
| 22:30 | Create | Villager (Male) |
| 22:34 | Create | Villager (Male) |
| 22:35 | Create | Villager (Male) |
| 23:04 | Create | Villager (Male) |
| 23:05 | Create | Villager (Male) |
| 23:05 | Create | Villager (Male) |
| 23:21 | Create | Villager (Male) |
| 23:21 | Create | Villager (Male) |
| 23:28 | Build | Archery Range |
| 23:43 | Create | Villager (Male) |
| 23:44 | Create | Villager (Male) |
| 23:44 | Create | Villager (Male) |
| 24:02 | Create | Villager (Male) |
| 24:02 | Create | Villager (Male) |
| 24:02 | Create | Villager (Male) |
| 24:05 | Build | Farm |
| 24:06 | Build | Farm |
| 24:08 | Build | Farm |
| 24:10 | Build | Farm |
| 24:22 | Create | Skirmisher |
| 24:22 | Create | Skirmisher |
| 24:29 | Create | Monk |
| 24:32 | Create | Villager (Male) |
| 24:34 | Create | Villager (Male) |
| 24:34 | Create | Villager (Male) |
| 24:37 | Build | House |
| 24:38 | Build | House |
| 24:53 | Build | Monastery |
| 24:57 | Create | Villager (Male) |
| 24:59 | Create | Villager (Male) |
| 24:59 | Create | Villager (Male) |
| 25:00 | Create | Skirmisher |
| 25:01 | Research | Padded Archer Armor |
| 25:06 | Research | Squires |
| 25:12 | Build | Farm |
| 25:18 | Build | Farm |
| 25:19 | Build | Farm |
| 25:27 | Build | Farm |
| 25:28 | Create | Villager (Male) |
| 25:28 | Create | Villager (Male) |
| 25:30 | Research | Wheelbarrow |
| 25:34 | Build | Farm |
| 25:41 | Create | Skirmisher |
| 25:41 | Create | Skirmisher |
Build order — gringo melts
First 150 of 489 actions detected
| 0:00 | Create | Villager (Male) |
| 0:01 | Create | Villager (Male) |
| 0:01 | Create | Villager (Male) |
| 0:01 | Create | Villager (Male) |
| 0:05 | Build | House |
| 0:07 | Build | House |
| 1:35 | Create | Villager (Male) |
| 1:36 | Create | Villager (Male) |
| 1:47 | Build | Lumber Camp |
| 1:51 | Research | Loom |
| 2:11 | Create | Villager (Male) |
| 2:11 | Create | Villager (Male) |
| 2:35 | Create | Villager (Male) |
| 2:58 | Create | Villager (Male) |
| 3:24 | Create | Villager (Male) |
| 3:25 | Create | Villager (Male) |
| 3:53 | Build | House |
| 3:57 | Build | Palisade Wall |
| 3:58 | Create | Villager (Male) |
| 3:59 | Create | Villager (Male) |
| 3:59 | Create | Villager (Male) |
| 4:55 | Build | Palisade Gate |
| 5:03 | Create | Villager (Male) |
| 5:04 | Create | Villager (Male) |
| 5:28 | Create | Villager (Male) |
| 5:45 | Create | Villager (Male) |
| 5:45 | Create | Villager (Male) |
| 6:11 | Create | Villager (Male) |
| 6:11 | Create | Villager (Male) |
| 6:40 | Build | Palisade Wall |
| 6:41 | Build | Palisade Wall |
| 6:41 | Build | Palisade Wall |
| 7:11 | Create | Villager (Male) |
| 7:11 | Create | Villager (Male) |
| 7:12 | Create | Villager (Male) |
| 7:41 | Build | Mill |
| 7:46 | Build | House |
| 7:47 | Build | House |
| 7:49 | Build | Palisade Wall |
| 7:50 | Build | Palisade Wall |
| 7:54 | Build | Palisade Wall |
| 8:48 | Create | Villager (Male) |
| 9:15 | Build | House |
| 9:17 | Build | House |
| 9:21 | Create | Villager (Male) |
| 9:30 | Build | House |
| 9:34 | Build | House |
| 10:03 | Research | Feudal Age |
| 10:28 | Build | Outpost |
| 10:32 | Build | Outpost |
| 10:58 | Build | Outpost |
| 11:02 | Build | Outpost |
| 11:05 | Build | Outpost |
| 11:06 | Build | Outpost |
| 11:13 | Build | Outpost |
| 11:28 | Build | Lumber Camp |
| 11:33 | Create | Villager (Male) |
| 12:13 | Age | Feudal Age |
| 12:14 | Research | Town Watch |
| 12:16 | Research | Double-Bit Axe |
| 12:37 | Build | Market |
| 12:54 | Create | Villager (Male) |
| 13:26 | Build | Farm |
| 13:29 | Build | Farm |
| 13:30 | Build | Farm |
| 13:34 | Build | Farm |
| 13:35 | Build | Farm |
| 13:36 | Build | Farm |
| 13:42 | Create | Villager (Male) |
| 13:49 | Create | Villager (Male) |
| 13:49 | Create | Villager (Male) |
| 13:49 | Create | Villager (Male) |
| 14:03 | Research | Horse Collar |
| 14:10 | Build | Mining Camp |
| 14:39 | Create | Villager (Male) |
| 14:40 | Create | Villager (Male) |
| 15:03 | Build | Farm |
| 15:04 | Build | Farm |
| 15:05 | Build | Farm |
| 15:22 | Build | Barracks |
| 15:25 | Build | Palisade Wall |
| 15:33 | Build | Farm |
| 15:47 | Create | Villager (Male) |
| 15:47 | Create | Villager (Male) |
| 15:47 | Create | Villager (Male) |
| 15:59 | Research | Wheelbarrow |
| 16:18 | Build | Blacksmith |
| 16:58 | Build | Mining Camp |
| 17:20 | Build | Archery Range |
| 17:22 | Build | Archery Range |
| 18:08 | Create | Villager (Male) |
| 18:09 | Create | Villager (Male) |
| 18:09 | Create | Villager (Male) |
| 18:12 | Build | Farm |
| 18:13 | Build | Farm |
| 18:14 | Build | Farm |
| 18:15 | Build | Farm |
| 18:17 | Create | Villager (Male) |
| 18:17 | Create | Villager (Male) |
| 18:24 | Build | Farm |
| 18:25 | Build | Farm |
| 18:27 | Build | Farm |
| 18:28 | Build | Farm |
| 19:25 | Create | Archer |
| 19:25 | Create | Archer |
| 19:25 | Create | Archer |
| 19:25 | Create | Archer |
| 19:26 | Create | Archer |
| 19:26 | Create | Archer |
| 19:57 | Create | Villager (Male) |
| 19:57 | Create | Villager (Male) |
| 20:06 | Build | House |
| 20:07 | Build | House |
| 20:07 | Build | House |
| 20:20 | Create | Archer |
| 20:54 | Research | Castle Age |
| 21:24 | Create | Spearman |
| 21:24 | Create | Spearman |
| 21:24 | Create | Spearman |
| 21:25 | Create | Spearman |
| 21:30 | Create | Archer |
| 21:30 | Create | Archer |
| 21:35 | Research | Padded Archer Armor |
| 21:50 | Create | Spearman |
| 21:50 | Create | Spearman |
| 22:13 | Research | Fletching |
| 22:22 | Create | Spearman |
| 22:22 | Create | Spearman |
| 23:18 | Create | Archer |
| 23:18 | Create | Archer |
| 23:18 | Create | Archer |
| 23:19 | Create | Archer |
| 23:29 | Create | Villager (Male) |
| 23:30 | Create | Villager (Male) |
| 23:30 | Create | Villager (Male) |
| 23:31 | Create | Villager (Male) |
| 23:34 | Age | Castle Age |
| 23:35 | Research | Bow Saw |
| 23:38 | Research | Crossbowman (upgrade) |
| 24:18 | Research | Bodkin Arrow |
| 24:52 | Create | Villager (Male) |
| 24:53 | Create | Villager (Male) |
| 25:03 | Research | Hand Cart |
| 25:15 | Build | Town Center |
| 25:34 | Build | Town Center |
| 25:38 | Create | Villager (Male) |
| 25:38 | Create | Villager (Male) |
| 25:38 | Create | Villager (Male) |
| 25:39 | Create | Villager (Male) |
| 25:39 | Create | Villager (Male) |
Build order — gdanelutti87
First 150 of 468 actions detected
| 0:01 | Create | Villager (Male) |
| 0:02 | Create | Villager (Male) |
| 0:04 | Build | House |
| 0:05 | Build | House |
| 0:09 | Create | Villager (Male) |
| 0:09 | Create | Villager (Male) |
| 0:10 | Create | Villager (Male) |
| 1:35 | Create | Villager (Male) |
| 1:46 | Build | Lumber Camp |
| 2:08 | Create | Villager (Male) |
| 2:32 | Create | Villager (Male) |
| 2:33 | Create | Villager (Male) |
| 2:34 | Create | Villager (Male) |
| 2:59 | Build | Palisade Wall |
| 3:05 | Build | Palisade Wall |
| 3:19 | Create | Villager (Male) |
| 3:19 | Create | Villager (Male) |
| 3:29 | Create | Villager (Male) |
| 3:29 | Create | Villager (Male) |
| 4:06 | Create | Villager (Male) |
| 4:13 | Build | House |
| 4:32 | Create | Villager (Male) |
| 4:32 | Create | Villager (Male) |
| 5:05 | Create | Villager (Male) |
| 5:17 | Build | House |
| 5:21 | Create | Villager (Male) |
| 5:34 | Build | Mill |
| 5:36 | Create | Villager (Male) |
| 5:54 | Build | Mining Camp |
| 5:56 | Create | Villager (Male) |
| 6:10 | Create | Villager (Male) |
| 6:41 | Create | Villager (Male) |
| 7:03 | Create | Villager (Male) |
| 8:14 | Research | Feudal Age |
| 8:15 | Research | Feudal Age |
| 8:56 | Build | House |
| 9:00 | Create | Villager (Male) |
| 9:01 | Create | Villager (Male) |
| 9:05 | Create | Villager (Male) |
| 9:09 | Build | House |
| 10:11 | Create | Villager (Male) |
| 10:24 | Age | Feudal Age |
| 10:28 | Research | Double-Bit Axe |
| 10:37 | Build | Gate |
| 10:39 | Create | Villager (Male) |
| 10:51 | Build | Blacksmith |
| 10:55 | Build | Market |
| 11:00 | Build | Farm |
| 11:01 | Build | Farm |
| 11:03 | Build | Farm |
| 11:21 | Build | Farm |
| 11:22 | Create | Villager (Male) |
| 11:58 | Create | Villager (Male) |
| 12:19 | Build | Stone Wall |
| 12:24 | Build | Gate |
| 12:28 | Create | Villager (Male) |
| 12:34 | Research | Horse Collar |
| 12:38 | Build | Farm |
| 12:50 | Build | Farm |
| 12:51 | Create | Villager (Male) |
| 13:04 | Build | Farm |
| 13:22 | Build | Farm |
| 13:35 | Build | Farm |
| 13:54 | Build | Farm |
| 13:57 | Research | Castle Age |
| 13:58 | Research | Castle Age |
| 14:10 | Build | Mining Camp |
| 14:41 | Research | Wheelbarrow |
| 14:49 | Research | Stone Mining |
| 14:53 | Build | Farm |
| 15:09 | Build | Farm |
| 15:28 | Build | House |
| 15:34 | Create | Villager (Male) |
| 15:58 | Build | Outpost |
| 16:03 | Create | Villager (Male) |
| 16:19 | Build | House |
| 16:35 | Build | Barracks |
| 16:38 | Create | Villager (Male) |
| 16:49 | Age | Castle Age |
| 17:08 | Build | Town Center |
| 17:10 | Create | Villager (Male) |
| 17:45 | Research | Bow Saw |
| 18:03 | Build | House |
| 18:09 | Create | Villager (Male) |
| 18:17 | Research | Heavy Plow |
| 18:43 | Build | House |
| 18:46 | Create | Villager (Male) |
| 18:52 | Build | Farm |
| 19:12 | Build | Castle |
| 19:16 | Create | Villager (Male) |
| 19:17 | Create | Villager (Male) |
| 19:19 | Create | Villager (Male) |
| 19:24 | Build | Farm |
| 19:25 | Build | Farm |
| 19:27 | Create | Villager (Male) |
| 19:51 | Create | Villager (Male) |
| 19:51 | Create | Villager (Male) |
| 19:54 | Create | Villager (Male) |
| 19:54 | Create | Villager (Male) |
| 20:16 | Build | Mining Camp |
| 20:21 | Create | Villager (Male) |
| 20:23 | Create | Villager (Male) |
| 20:25 | Create | Villager (Male) |
| 20:39 | Build | Archery Range |
| 20:51 | Create | Villager (Male) |
| 20:54 | Create | Villager (Male) |
| 20:57 | Create | Villager (Male) |
| 20:57 | Create | Villager (Male) |
| 21:10 | Research | Gold Mining |
| 21:10 | Research | Gold Mining |
| 21:23 | Build | Town Center |
| 21:34 | Create | Organ Gun |
| 21:43 | Create | Organ Gun |
| 21:51 | Research | Padded Archer Armor |
| 21:52 | Research | Fletching |
| 21:55 | Create | Villager (Male) |
| 22:01 | Create | Villager (Male) |
| 22:08 | Create | Villager (Male) |
| 22:09 | Create | Villager (Male) |
| 22:26 | Create | Villager (Male) |
| 22:32 | Create | Villager (Male) |
| 22:40 | Create | Villager (Male) |
| 23:33 | Create | Villager (Male) |
| 23:36 | Create | Villager (Male) |
| 23:46 | Create | Villager (Male) |
| 23:47 | Create | Villager (Male) |
| 23:51 | Create | Villager (Male) |
| 24:44 | Research | Imperial Age |
| 24:47 | Create | Villager (Male) |
| 24:48 | Create | Villager (Male) |
| 24:55 | Build | Farm |
| 24:55 | Build | Farm |
| 24:55 | Build | Farm |
| 24:55 | Build | Farm |
| 24:56 | Build | Farm |
| 24:56 | Build | Farm |
| 25:06 | Create | Villager (Male) |
| 25:07 | Create | Villager (Male) |
| 25:10 | Create | Villager (Male) |
| 25:11 | Create | Villager (Male) |
| 25:11 | Create | Villager (Male) |
| 25:20 | Create | Organ Gun |
| 25:21 | Create | Organ Gun |
| 25:21 | Create | Organ Gun |
| 25:22 | Create | Organ Gun |
| 25:26 | Create | Organ Gun |
| 25:40 | Create | Organ Gun |
| 25:46 | Research | Bodkin Arrow |
| 25:46 | Research | Leather Archer Armor |
| 26:02 | Research | Leather Archer Armor |
Build order — Smouse
First 150 of 553 actions detected
| 0:00 | Create | Villager (Male) |
| 0:01 | Create | Villager (Male) |
| 0:01 | Create | Villager (Male) |
| 0:01 | Create | Villager (Male) |
| 0:02 | Build | House |
| 0:04 | Build | House |
| 1:35 | Create | Villager (Male) |
| 1:35 | Create | Villager (Male) |
| 1:47 | Build | Lumber Camp |
| 2:10 | Create | Villager (Male) |
| 2:12 | Create | Villager (Male) |
| 2:46 | Create | Villager (Male) |
| 3:01 | Create | Villager (Male) |
| 3:06 | Build | House |
| 3:09 | Build | House |
| 3:48 | Create | Villager (Male) |
| 3:48 | Create | Villager (Male) |
| 3:48 | Create | Villager (Male) |
| 4:26 | Research | Loom |
| 4:48 | Create | Villager (Male) |
| 5:21 | Create | Villager (Male) |
| 5:21 | Create | Villager (Male) |
| 5:39 | Create | Villager (Male) |
| 5:39 | Create | Villager (Male) |
| 5:39 | Create | Villager (Male) |
| 6:03 | Build | Mill |
| 6:36 | Create | Villager (Male) |
| 6:36 | Create | Villager (Male) |
| 6:50 | Build | House |
| 6:54 | Build | House |
| 7:25 | Create | Villager (Male) |
| 7:25 | Create | Villager (Male) |
| 7:43 | Build | Mining Camp |
| 7:57 | Build | House |
| 8:24 | Research | Feudal Age |
| 8:44 | Build | Palisade Wall |
| 8:55 | Build | Palisade Gate |
| 9:46 | Build | Barracks |
| 10:06 | Build | Lumber Camp |
| 10:35 | Age | Feudal Age |
| 10:38 | Create | Villager (Male) |
| 10:38 | Create | Villager (Male) |
| 10:39 | Create | Villager (Male) |
| 10:39 | Create | Villager (Male) |
| 10:39 | Create | Villager (Male) |
| 10:43 | Build | Archery Range |
| 11:02 | Create | Spearman |
| 11:12 | Research | Horse Collar |
| 11:34 | Create | Villager (Male) |
| 11:41 | Create | Archer |
| 11:41 | Create | Archer |
| 11:41 | Create | Archer |
| 11:53 | Create | Villager (Male) |
| 11:57 | Build | Farm |
| 12:00 | Research | Double-Bit Axe |
| 12:06 | Build | Farm |
| 12:39 | Create | Villager (Male) |
| 12:39 | Create | Villager (Male) |
| 12:57 | Build | Archery Range |
| 13:06 | Create | Archer |
| 13:14 | Build | Blacksmith |
| 13:28 | Create | Villager (Male) |
| 13:36 | Build | Farm |
| 13:39 | Build | Farm |
| 14:03 | Create | Villager (Male) |
| 14:18 | Build | Farm |
| 14:19 | Build | Farm |
| 14:20 | Build | Farm |
| 14:25 | Build | Farm |
| 14:33 | Build | Mining Camp |
| 14:38 | Create | Villager (Male) |
| 14:38 | Create | Villager (Male) |
| 14:51 | Build | Palisade Wall |
| 15:25 | Create | Villager (Male) |
| 15:25 | Create | Villager (Male) |
| 15:36 | Build | Farm |
| 15:41 | Build | House |
| 15:44 | Build | House |
| 15:49 | Build | Farm |
| 15:53 | Build | Farm |
| 16:14 | Build | Farm |
| 16:20 | Create | Villager (Male) |
| 16:21 | Research | Wheelbarrow |
| 16:28 | Build | Farm |
| 16:28 | Build | Farm |
| 16:36 | Build | Farm |
| 17:28 | Build | Market |
| 18:01 | Research | Castle Age |
| 18:23 | Research | Scale Mail Armor |
| 18:48 | Research | Forging |
| 19:46 | Build | Farm |
| 19:47 | Build | Farm |
| 19:49 | Build | Farm |
| 19:56 | Create | Villager (Male) |
| 19:56 | Create | Villager (Male) |
| 20:48 | Age | Castle Age |
| 20:52 | Build | Castle |
| 21:00 | Create | Villager (Male) |
| 21:00 | Create | Villager (Male) |
| 21:02 | Research | Iron Casting |
| 21:03 | Research | Chain Mail Armor |
| 21:23 | Build | Siege Workshop |
| 21:39 | Research | Elite Skirmisher (upgrade) |
| 21:43 | Research | Padded Archer Armor |
| 21:43 | Research | Fletching |
| 21:46 | Create | Villager (Male) |
| 21:46 | Create | Villager (Male) |
| 22:09 | Create | Shotel Warrior |
| 22:10 | Create | Shotel Warrior |
| 22:10 | Create | Shotel Warrior |
| 22:12 | Create | Villager (Male) |
| 22:12 | Create | Villager (Male) |
| 22:18 | Build | Town Center |
| 22:48 | Build | Lumber Camp |
| 23:14 | Create | Villager (Male) |
| 23:15 | Create | Villager (Male) |
| 23:27 | Create | Villager (Male) |
| 23:27 | Create | Villager (Male) |
| 23:27 | Create | Villager (Male) |
| 23:27 | Create | Villager (Male) |
| 23:32 | Create | Skirmisher |
| 23:32 | Create | Skirmisher |
| 23:32 | Create | Skirmisher |
| 23:32 | Create | Skirmisher |
| 23:32 | Create | Skirmisher |
| 23:33 | Create | Skirmisher |
| 23:33 | Create | Skirmisher |
| 23:33 | Create | Skirmisher |
| 23:34 | Create | Skirmisher |
| 24:02 | Create | Mangonel |
| 24:09 | Create | Villager (Male) |
| 24:09 | Create | Villager (Male) |
| 24:12 | Create | Villager (Male) |
| 24:12 | Create | Villager (Male) |
| 24:16 | Create | Mangonel |
| 24:36 | Build | Farm |
| 24:38 | Build | Farm |
| 25:26 | Build | Mining Camp |
| 25:32 | Create | Villager (Male) |
| 25:32 | Create | Villager (Male) |
| 25:37 | Create | Villager (Male) |
| 25:37 | Create | Villager (Male) |
| 25:37 | Create | Villager (Male) |
| 25:49 | Build | House |
| 25:52 | Build | House |
| 25:52 | Build | House |
| 25:53 | Build | House |
| 25:55 | Research | Heavy Plow |
| 25:59 | Research | Leather Archer Armor |
| 26:04 | Create | Mangonel |
Match timeline
| 0:03 | Nerdyx · first_building Barracks |
| 2:59 | gdanelutti87 · wall_segment Palisade Wall x8 |
| 3:05 | gdanelutti87 · wall_segment Palisade Wall x1 |
| 3:57 | gringo melts · wall_segment Palisade Wall x6 |
| 6:40 | gringo melts · wall_segment Palisade Wall x1 |
| 6:41 | gringo melts · wall_segment Palisade Wall x1 |
| 6:41 | gringo melts · wall_segment Palisade Wall x1 |
| 7:49 | gringo melts · wall_segment Palisade Wall x1 |
| 7:50 | gringo melts · wall_segment Palisade Wall x1 |
| 7:54 | gringo melts · wall_segment Palisade Wall x1 |
| 8:44 | Smouse · wall_segment Palisade Wall x5 |
| 9:46 | Smouse · first_building Barracks |
| 10:24 | gdanelutti87 · age_up feudal |
| 10:35 | Smouse · age_up feudal |
| 10:43 | Smouse · first_building Archery Range |
| 11:15 | Nerdyx · age_up feudal |
| 12:13 | gringo melts · age_up feudal |
| 12:19 | gdanelutti87 · wall_segment Stone Wall x13 |
| 13:46 | gringo melts · first_market_sell 100 wood |
| 13:48 | gringo melts · first_market_buy 100 food |
| 13:48 | gdanelutti87 · first_market_buy 100 food |
| 14:51 | Smouse · wall_segment Palisade Wall x13 |
| 15:22 | gringo melts · first_building Barracks |
| 15:25 | gringo melts · wall_segment Palisade Wall x1 |
| 15:43 | Nerdyx · wall_segment Stone Wall x7 |
| 15:43 | Nerdyx · wall_segment Stone Wall x1 |
| 15:44 | Nerdyx · wall_segment Stone Wall x1 |
| 15:45 | Nerdyx · wall_segment Stone Wall x1 |
| 15:45 | Nerdyx · wall_segment Stone Wall x1 |
| 15:46 | Nerdyx · wall_segment Stone Wall x1 |
| 15:49 | Nerdyx · wall_segment Stone Wall x1 |
| 16:02 | Nerdyx · wall_segment Stone Wall x1 |
| 16:03 | Nerdyx · wall_segment Stone Wall x1 |
| 16:35 | gdanelutti87 · first_building Barracks |
| 16:49 | gdanelutti87 · age_up castle |
| 16:52 | gdanelutti87 · first_market_sell 100 food |
| 17:20 | gringo melts · first_building Archery Range |
| 17:30 | Nerdyx · first_market_buy 100 food |
| 17:35 | gringo melts · tribute_sent a jugador 1 |
| 17:35 | gringo melts · tribute_sent a jugador 3 |
| 17:35 | gringo melts · tribute_sent a jugador 4 |
| 19:12 | gdanelutti87 · first_building Castle |
| 20:12 | Nerdyx · age_up castle |
| 20:39 | gdanelutti87 · first_building Archery Range |
| 20:48 | Smouse · age_up castle |
| 20:52 | Smouse · first_building Castle |
| 20:54 | Nerdyx · first_building Monastery |
| 21:23 | Smouse · first_building Siege Workshop |
| 23:28 | Nerdyx · first_building Archery Range |
| 23:34 | gringo melts · age_up castle |
| 26:51 | Smouse · first_building Monastery |
| 27:54 | gdanelutti87 · age_up imperial |
| 27:57 | gringo melts · first_building Monastery |
| 28:17 | Smouse · first_market_sell 100 stone |
| 28:39 | gringo melts · tribute_sent a jugador 1 |
| 28:39 | gringo melts · tribute_sent a jugador 3 |
| 28:39 | gringo melts · tribute_sent a jugador 4 |
| 28:48 | Smouse · first_market_buy 100 food |
| 31:23 | Nerdyx · first_building Castle |
| 32:01 | Smouse · age_up imperial |
| 33:27 | Nerdyx · first_building Siege Workshop |
| 36:07 | Nerdyx · age_up imperial |
| 36:21 | gdanelutti87 · first_building Stable |
| 36:42 | Nerdyx · first_market_sell 100 food |
| 36:52 | gringo melts · age_up imperial |
| 38:17 | gringo melts · first_building Castle |
| 44:08 | gringo melts · first_building Siege Workshop |
| 45:09 | gringo melts · tribute_sent a jugador 1 |
| 45:09 | gringo melts · tribute_sent a jugador 3 |
| 45:09 | gringo melts · tribute_sent a jugador 4 |
| 45:58 | gringo melts · tribute_sent a jugador 1 |
| 45:58 | gringo melts · tribute_sent a jugador 3 |
| 45:58 | gringo melts · tribute_sent a jugador 4 |
| 52:15 | gringo melts · resign |
[ AI ANALYSIS · 1 CREDIT ]
What really happened in this match?
Wolo.gg analyzes every decision: build order, eco, micro, common mistakes by bracket. Personalized analysis on WhatsApp or Discord in 30 seconds.
Civ guide
Tupi
Map guide
Glade
Perfil
Nerdyx